 Dungeon Crawl Stone Soup version 0.20-a0-433-g9e36e56 (webtiles) character file.

3111 mopl the Cleaver (level 9, 0/83 HPs)
             Began as a Hill Orc Wanderer on Jan 3, 2017.
             Was a Follower of Beogh.
             Slain by a wyvern (6 damage)
             ... on level 8 of the Dungeon.
             The game lasted 00:14:35 (10759 turns).

mopl the Cleaver (Hill Orc Wanderer)               Turns: 10759, Time: 00:14:35

Health: 0/83       AC: 15    Str: 18    XL:     9   Next: 91%
Magic:  9/9        EV:  8    Int:  9    God:    Beogh [*.....]
Gold:   98         SH:  0    Dex: 13    Spells: 8/8 levels left

rFire  . . .     SeeInvis .     O - +5 trident (venom)
rCold  . . .     Gourm    .     F - +0 chain mail
rNeg   . . .     Faith    .     (no shield)
rPois  .         Spirit   .     m - +0 helmet
rElec  .         Reflect  .     E - +0 cloak
rCorr  .         Harm     .     D - -1 pair of gloves (curse)
MR     .....                    l - +1 pair of boots
Stlth  ..........               (no amulet)
                                (no ring)
                                (no ring)

@: no status effects
A: no striking features
a: Renounce Religion


You were on level 8 of the Dungeon.
You worshipped Beogh.
Beogh was aware of your devotion.
You were hungry.

You visited 1 branch of the dungeon, and saw 8 of its levels.

You collected 678 gold pieces.
You spent 580 gold pieces at shops.

Inventory:

Hand Weapons
 a - a +0 triple sword of flaming
 q - a +0 trident
 x - a +0 dire flail of crushing
 O - a +5 trident of venom (weapon)
 P - a +0 war axe
Missiles
 b - 7 tomahawks (quivered)
 j - 53 poisoned needles
 t - 61 bolts
 v - 3 needles of confusion
Armour
 l - a +1 pair of boots (worn)
 m - a +0 helmet (worn)
 D - a cursed -1 pair of gloves (worn)
 E - a +0 cloak (worn)
 F - a +0 chain mail (worn)
Wands
 e - a wand of confusion (15/48)
 s - a wand of iceblast (6/15)
 u - a wand of polymorph (12/24)
 y - a wand of flame (27/48)
 z - a wand of digging (6/24)
Scrolls
 h - a scroll of recharging
 o - 2 scrolls of remove curse
 p - 2 scrolls of enchant armour
 r - 2 scrolls of identify
 G - a scroll of fear {unknown}
 H - a scroll of teleportation {unknown}
 I - a scroll of enchant weapon {unknown}
 M - 2 scrolls of magic mapping {unknown}
 N - a scroll of torment {unknown}
Potions
 c - 4 potions of heal wounds
 d - 2 potions of haste
 g - a potion of ambrosia
 i - a potion of invisibility
 k - a potion of agility
 n - a potion of degeneration {unknown}
 B - a potion of beneficial mutation {unknown}
 J - a potion of flight
 K - a potion of might
 L - a potion of resistance
Books
 C - a book of Cantrips

   Spells                             Type                      Level
   a - Confusing Touch                Hexes                        1
   b - Animate Skeleton               Necromancy                   1
   c - Summon Small Mammal            Summoning                    1
   d - Apportation                    Translocation                1
Comestibles
 f - 4 bread rations
 A - a meat ration


   Skills:
 + Level 9.0 Fighting
 * Level 11.9(12.0) Axes
 - Level 2.1(6.8) Maces & Flails
 - Level 1.0 Throwing
 + Level 7.3 Armour
 - Level 1.0 Dodging
 - Level 1.5 Stealth
 - Level 1.1 Unarmed Combat


You had 8 spell levels left.
You didn't know any spells.

Dungeon Overview and Level Annotations

Branches:
Dungeon (8/15)             Temple (0/1) D:6
   Lair: D:8-11

Altars:
Ashenzari
Cheibriados
Dithmenos
Elyvilon
Fedhas
Gozag
Okawaru
Trog
Uskayaw
Vehumet

Shops:
D:5 !   D:7 !


Message History

O - a +5 trident of venom (weapon)
The wyvern bites you!
* * * LOW HITPOINT WARNING * * *
You puncture the wyvern!
The wyvern is poisoned.
The wyvern is heavily wounded.
The wyvern bites you.
* * * LOW HITPOINT WARNING * * *
The wyvern barely misses you.
You hit the wyvern.
The wyvern looks as sick as possible!
The wyvern is severely wounded.
The wyvern bites you.
* * * LOW HITPOINT WARNING * * *
All of the chunks of flesh in your inventory have rotted away.
You closely miss the wyvern.
The wyvern is severely wounded.
The wyvern bites you but does no damage.
You closely miss the wyvern.
The wyvern is severely wounded.
The wyvern bites you.
You die...

#.# #.# #.......# #.#
#.# #.####### #.# #.#
#.############## #.# #.#
#..............# #.#
#.######..###########.##
#.#
#......................#
#..............<#####..#
##.#####.l#####.# #..#
#.# #.@# #.# #..# #.#
#(.#####.## #..# #.#
#.........## #..# #.#
##.###.....###..# #.####
#..............# #....#
#####..........# ####.#
##....###### #.# #..#.#
#.########..#.#


You could see a wyvern.

Vanquished Creatures
  The ghost of Graouh the Protected, a novice MiFi of Okawaru (D:8)
  Sigmund (D:2)
  A wyvern (D:4)
  Edmund (D:6)
  A sky beast (D:5)
  3 orc warriors (D:7)
  A hornet zombie (D:5)
  A black bear (D:8)
  An ice beast (D:7)
  2 ogres
  A centaur (D:7)
  Blork the orc (D:7)
  3 bullfrogs (D:6)
  4 crimson imps
  4 orc wizards
  2 jellies
  An orc priest (D:8)
  2 centaur skeletons
  4 hounds
  A bullfrog skeleton (D:7)
  An iguana (D:5)
  4 worker ants
  A killer bee zombie (D:8)
  A hound skeleton (D:5)
  A worker ant zombie (D:6)
  5 gnolls
  A howler monkey skeleton (D:4)
  8 adders
  2 oozes (D:3)
  An adder skeleton (D:4)
  2 adder zombies
  3 worms
  3 dart slugs
  5 leopard geckos
  12 orcs
  7 giant cockroaches
  11 goblins
  11 hobgoblins
  5 jackals
  6 kobolds
  2 quokkas
  5 ball pythons
  8 bats
  7 frilled lizards
  A leopard gecko zombie (D:5)
  20 rats
169 creatures vanquished.

Vanquished Creatures (others)
  An orc priest (D:5)
  2 orcs (D:5)
3 creatures vanquished.

Grand Total: 172 creatures vanquished

Notes
Turn   | Place    | Note
-------+----------+-------------------------------------------
     0 | D:1      | mopl the Hill Orc Wanderer began the quest for the Orb.
     0 | D:1      | mopl set off with: a +2 mace, a potion of curing, a potion of lignification {!q}, a +0 robe, a +0 dagger, a bread ration
     0 | D:1      | Reached XP level 1. HP: 19/19 MP: 1/1
    74 | D:1      | Reached skill level 1 in Armour
    74 | D:1      | Reached XP level 2. HP: 14/27 MP: 2/2
   113 | D:1      | Reached skill level 4 in Fighting
   765 | D:1      | Reached XP level 3. HP: 34/34 MP: 3/3
  1371 | D:2      | Reached skill level 1 in Axes
  1762 | D:2      | Reached XP level 4. HP: 26/41 MP: 4/4
  1859 | D:2      | Reached skill level 2 in Armour
  2255 | D:2      | Reached skill level 2 in Axes
  2264 | D:2      | Noticed Sigmund
  2459 | D:3      | Reached skill level 5 in Fighting
  2493 | D:3      | HP: 2/42 [adder (4)]
  2571 | D:3      | Reached skill level 3 in Axes
  2581 | D:3      | Reached XP level 5. HP: 7/48 MP: 5/5
  3231 | D:3      | Reached skill level 4 in Axes
  3231 | D:3      | Reached skill level 3 in Armour
  3231 | D:3      | Reached XP level 6. HP: 10/56 MP: 6/6
  3237 | D:3      | HP: 2/56 [leopard gecko (1)]
  3245 | D:3      | HP: 2/56 [leopard gecko (1)]
  4362 | D:4      | Found a radiant altar of Vehumet.
  4576 | D:4      | Reached skill level 5 in Axes
  4670 | D:5      | Entered Level 5 of the Dungeon
  4758 | D:5      | Found a blossoming altar of Fedhas.
  5358 | D:4      | Reached XP level 7. HP: 48/62 MP: 7/7
  5617 | D:5      | Reached skill level 6 in Fighting
  5617 | D:5      | Reached skill level 6 in Axes
  5617 | D:5      | Reached skill level 4 in Armour
  5816 | D:5      | Became a worshipper of Beogh the Brigand
  6184 | D:5      | Reached skill level 7 in Axes
  6260 | D:5      | Found Aryw's Distillery.
  6263 | D:5      | Bought a potion of heal wounds for 70 gold pieces
  6263 | D:5      | Bought a potion of ambrosia for 112 gold pieces
  6263 | D:5      | Bought a potion of invisibility for 112 gold pieces
  6314 | D:5      | You fall through a shaft!
  6327 | D:6      | Found a staircase to the Ecumenical Temple.
  7025 | D:6      | Reached XP level 8. HP: 69/71 MP: 8/8
  7037 | D:6      | Reached skill level 8 in Axes
  7372 | D:6      | Noticed Edmund
  7384 | D:6      | Killed Edmund
  7384 | D:6      | Reached skill level 7 in Fighting
  7384 | D:6      | Reached skill level 5 in Armour
  7558 | D:6      | Reached skill level 9 in Axes
  7881 | D:7      | Got a transparent shortbow
  7882 | D:7      | Identified the +6 shortbow of Watchfulness {freeze, *Corrode Int+6} (You found it on level 7 of the Dungeon)
  8516 | D:7      | Found a snail-covered altar of Cheibriados.
  8546 | D:7      | Found Bourazea's Distillery.
  8558 | D:7      | Reached * piety under Beogh
  8592 | D:7      | Bought a potion of flight for 39 gold pieces
  8592 | D:7      | Bought a potion of might for 52 gold pieces
  8592 | D:7      | Bought a potion of resistance for 130 gold pieces
  8592 | D:7      | Bought a potion of heal wounds for 65 gold pieces
  8596 | D:7      | Found a bloodstained altar of Trog.
  8647 | D:7      | Noticed Blork the orc
  8656 | D:7      | Killed Blork the orc
  8665 | D:7      | Reached skill level 10 in Axes
  8665 | D:7      | Reached skill level 6 in Armour
  8665 | D:7      | Reached XP level 9. HP: 81/81 MP: 9/9
  8803 | D:4      | Reached skill level 8 in Fighting
  9049 | D:2      | Killed Sigmund
  9205 | D:2      | You fall through a shaft for 2 floors!
  9603 | D:8      | Noticed Graouh's ghost (novice MiFi)
 10425 | D:8      | Killed Graouh's ghost
 10425 | D:8      | Reached skill level 11 in Axes
 10425 | D:8      | Reached skill level 7 in Armour
 10520 | D:8      | Reached skill level 9 in Fighting
 10635 | D:8      | Found a white marble altar of Elyvilon.
 10636 | D:8      | Found a shadowy altar of Dithmenos.
 10636 | D:8      | Found a shattered altar of Ashenzari.
 10636 | D:8      | Found a hide-covered altar of Uskayaw.
 10646 | D:8      | Found an opulent altar of Gozag.
 10646 | D:8      | Found an iron altar of Okawaru.
 10759 | D:8      | Slain by a wyvern

Vault maps used:
D:1:      mrwooster_arrival_arrow, grunt_decor_resistance,
          hangedman_decor_lopped, minmay_misc_feat_enclosed, minmay_pentomino_u4
D:2:      nrook_mini_vaults, uniq_sigmund
D:3:      corexii_item_surrounded_by_moat, minmay_misc_feat_doors
D:4:      old_standard_altar, hangedman_decor_diamond_cutter, patterned_corridor
D:5:      fedhas_altar_1, first_bread, serial_shops,
          nicolae_shop_window_shopping
D:6:      hangedman_decor_riveting, uniq_edmund
D:7:      lemuel_doored_altar, serial_shops, shop_coins, basic_altar,
          sword_in_stone
D:8:      minitemple, minmay_overflow_temple_hex, lair_entry_dummy

Skill      XL: |  1  2  3  4  5  6  7  8  9 |
---------------+----------------------------+-----
Armour         | 1 2 3 4 6 7 |  7.3
Fighting       | 4 5 6 7 9 |  9.0
Axes           | 1 3 4 5 7 10 11 | 11.9
Maces & Flails | |  2.1
Throwing       | |  1.0
Dodging        | |  1.0
Stealth        | |  1.5
Unarmed Combat | |  1.1

Action                   |  1- 3 |  4- 6 |  7- 9 || total
-------------------------+-------+-------+-------++-------
Melee: Mace              |    60 |       |    52 ||   112
       Halberd           |    47 |    22 |       ||    69
       Hand axe          |    40 |       |       ||    40
       Punch             |     1 |       |     2 ||     3
       Trident           |       |   287 |   249 ||   536
       Dire flail        |       |       |   133 ||   133
Invok: Convert to Beogh  |       |       |     1 ||     1
Evoke: Wand              |       |     2 |     8 ||    10
  Use: Potion            |       |     2 |     2 ||     4
       Scroll            |       |     4 |     5 ||     9
 Stab: Sleeping          |     1 |       |       ||     1
  Eat: Chunk             |     3 |    10 |     9 ||    22
       Pizza             |       |       |     2 ||     2
       Fruit             |       |       |     3 ||     3
       Beef jerky        |       |       |     3 ||     3
Armor: Robe              |    43 |    13 |       ||    56
       Ring mail         |       |   114 |    21 ||   135
       Skin              |       |     6 |    19 ||    25
       Chain mail        |       |       |   196 ||   196
Dodge: Dodged            |   100 |   218 |   132 ||   450
